 Dungeon Crawl Stone Soup version 0.28-a0-691-gad6df49e81 (webtiles) character file.

Game seed: 9292542581569048708

778 timneilson the Shield-Bearer (level 7, -3/44 HPs)
             Began as a Gargoyle Fighter on Oct 23, 2021.
             Slain by a scorpion (5 damage)
             ... on level 5 of the Dungeon.
             The game lasted 00:07:03 (4645 turns).

timneilson the Shield-Bearer (Gargoyle Fighter)     Turns: 4645, Time: 00:07:04

Health: -3/44      AC: 13    Str: 21    XL:     7   Next: 85%
Magic:  7/7        EV: 10    Int:  9    God:
Gold:   236        SH:  5    Dex:  9    Spells: 6/6 levels left

rFire   . . .      SeeInvis +   a - +0 long sword
rCold   . . .      Faith    .   c - +0 buckler
rNeg    + . .      Spirit   .   b - +0 scale mail
rPois   ∞          Reflect  .   (no helmet)
rElec   +          Harm     .   (no cloak)
rCorr   .          Rampage  .   i - +0 pair of gloves
Will    .....                   (no boots)
Stlth   ..........              (no amulet)
HPRegen 0.14/turn               j - ring of see invisible
MPRegen 0.10/turn               (no ring)

@: attractive
A: sickness immunity, AC +4, negative energy resistance 1, electricity
resistance, torment resistance 1, petrification resistance
a: no special abilities


You were on level 5 of the Dungeon.
You visited 1 branch of the dungeon, and saw 5 of its levels.

You collected 236 gold pieces.

Inventory:

Hand Weapons
 a - a +0 long sword (weapon)
Armour
 b - a +0 scale mail (worn)
 c - a +0 buckler (worn)
 d - a +0 plate armour
 i - a +0 pair of gloves (worn)
Jewellery
 j - a ring of see invisible (left hand)
Wands
 k - a wand of acid (11)
Scrolls
 e - 2 scrolls of fear
 f - 3 scrolls of teleportation
Potions
 g - a potion of lignification
 l - a potion of berserk rage {unknown}
 m - a potion of haste {unknown}


   Skills:
 + Level 4.5 Fighting
 * Level 4.1 Long Blades
 * Level 5.6 Armour
 + Level 2.0 Dodging
 * Level 5.6 Shields
 + Level 1.0 Evocations


You had 6 spell levels left.
You didn't know any spells.
Your spell library contained the following spells:

 Spells                   Type           Power      Damage    Failure   Level
 Summon Small Mammal      Summ           0%         N/A       71%         1
 Tukima's Dance           Hex            0%         N/A       97%         3
 Passage of Golubria      Tloc           0%         N/A       100%        4
 Summon Forest            Summ/Tloc      0%         N/A       100%        5
 Yara's Violent Unravell  Hex/Tmut       0%         3d3       100%        5
 Spellforged Servitor     Conj/Summ      0%         N/A       100%        7
 Summon Hydra             Summ           0%         N/A       100%        7


Dungeon Overview and Level Annotations

Branches:
Dungeon (5/15)
 Temple: D:4-7

Altars:
Dithmenos
Gozag
Hepliaklqana
Qazlal
Sif Muna
Vehumet
Yredelemnul


Innate Abilities, Weirdness & Mutations

You are immune to sickness and miasma.
Your stone body is resilient. (AC +4)
You are immune to poison.
You resist negative energy. (rN+)
You are resistant to electric shocks. (rElec)
You are resistant to unholy torment.
You are immune to petrification.


Message History

You hit the centaur.
The centaur is almost dead.
The adder skeleton bites you.
* * * LOW HITPOINT WARNING * * *
The centaur hits you but does no damage.
The centaur barely misses you. The adder skeleton closely misses you.
Unknown command.
You hit the centaur but do no damage.
The centaur is almost dead.
The centaur hits you but does no damage.
The centaur kicks you but does no damage.
You block the centaur's attack. x2; The adder skeleton barely misses you.
Unknown command.
You slash the centaur!
You kill the centaur!
The adder skeleton barely misses you.
Your Dodging skill increases to level 2!
Your Evocations skill increases to level 1!
Unknown command.
It was a potion of attraction.
You feel attractive to monsters. You block the phantom's attack.
The adder skeleton bites you but does no damage.
You closely miss the phantom. The phantom hits you.
* * * LOW HITPOINT WARNING * * *
The phantom blinks!
You blink.
A scorpion comes into view.
Found 21 sling bullets.
The phantom hits you but does no damage.
The scorpion is attracted toward you.
You hit the phantom.
The phantom is lightly damaged.
The scorpion stings you but does no damage.
You block the phantom's attack.
Unknown command.
You hit the phantom but do no damage.
The phantom is lightly damaged.
The scorpion barely misses you. You block the phantom's attack.
The scorpion stings you.
You die...

.. ##.. #.... #.....
#..(... ##....... .... [.
##.s...... ..... .##.
##.@....# ...# .....
#..W....## #...##
.....####.......# ......
.....(.###......##......#
#.......Z.....##...###.##
###...Z......#.........##
#.....§.........##.......
.......)........### .....
.........#......#
###.....


You could see a phantom, a scorpion and an adder skeleton.

Vanquished Creatures
  Sigmund (D:3)
  A necrophage (D:5)
  A centaur (D:5)
  A howler monkey (D:5)
  A bullfrog zombie (D:5)
  A hound (D:4)
  2 orc wizards (D:5)
  2 scorpion zombies (D:3)
  2 hound zombies (D:3)
  A hound skeleton (D:3)
  A howler monkey zombie (D:4)
  3 gnolls
  6 adders
  An ufetubus (D:4)
  An adder zombie (D:3)
  An adder skeleton (D:3)
  3 worms
  2 dart slugs
  7 orcs
  9 ball pythons
  7 endoplasms
  2 giant cockroaches
  8 goblins
  4 hobgoblins
  2 jackals (D:4)
  6 kobolds
  3 quokkas
  A ball python skeleton (D:3)
  6 bats
  2 frilled lizards
  2 jackal skeletons (D:3)
  8 rats
98 creatures vanquished.

Vanquished Creatures (others)
  A plant (D:3)
1 creature vanquished.

Grand Total: 99 creatures vanquished

Notes
Turn   | Place    | Note
-------+----------+-------------------------------------------
     0 | D:1      | timneilson the Gargoyle Fighter began the quest for the
                  | Orb.
     0 | D:1      | Reached XP level 1. HP: 14/14 MP: 1/1
   239 | D:1      | Reached XP level 2. HP: 14/19 MP: 2/2
   776 | D:1      | Got the Handbook of Creation
   973 | D:1      | Reached XP level 3. HP: 22/23 MP: 3/3
  1565 | D:2      | Reached XP level 4. HP: 28/28 MP: 4/4
  2409 | D:2      | Reached XP level 5. HP: 33/33 MP: 5/5
  2567 | D:3      | Reached skill level 1 in Dodging
  2777 | D:3      | Noticed Sigmund
  2786 | D:3      | Killed Sigmund
  2787 | D:3      | Reached XP level 6. HP: 19/38 MP: 0/6
  2795 | D:3      | Found a faded altar of an unknown god.
  3426 | D:3      | Reached skill level 5 in Shields
  3603 | D:4      | Reached skill level 5 in Armour
  3779 | D:4      | Found a basalt altar of Yredelemnul.
  3814 | D:4      | Found a shimmering blue altar of Sif Muna.
  3834 | D:4      | Reached XP level 7. HP: 43/43 MP: 7/7
  3899 | D:4      | Found a shadowy altar of Dithmenos.
  3938 | D:4      | Found a hazy altar of Hepliaklqana.
  3947 | D:4      | Found an opulent altar of Gozag.
  3947 | D:4      | Found a radiant altar of Vehumet.
  3948 | D:4      | Found a stormy altar of Qazlal.
  4328 | D:5      | Entered Level 5 of the Dungeon
  4642 | D:5      | Reached skill level 1 in Evocations
  4643 | D:5      | HP: 2/44 [phantom (5)]
  4645 | D:5      | Slain by a scorpion

Illustrated notes

Levels and vault maps discovered:
D:1:      arrival_zaba_pyramid, layout_basic, minmay_3d_cube
D:2:      wander_river, layout_basic
D:3:      layout_loops_cross, serial_undead, serial_undead_d, serial_undead_d,
          serial_undead_a, serial_undead_f, shapermc_ecumenical_altar_acropolis,
          uniq_sigmund
D:4:      layout_gridville, mainiacjoe_overflow_concentric_impassable,
          old_standard_altar, nicolae_dithmenos_the_darkroom,
          chequers_temple_overflow_statue_of_worship
D:5:      layout_cave_pools, nrook_mini_backslash,
          chequers_serial_rivers_small_3, nicolae_shop_gadgets

Skill      XL: |  1  2  3  4  5  6  7 |
---------------+----------------------+-----
Long Blades    | 2 3 4 |  4.1
Armour         | 4 5 |  5.6
Shields        | 4 5 |  5.6
Dodging        | 1 2 |  2.0
Fighting       | 4 |  4.5
Evocations     | 1 |  1.0

Action                   |  1- 3 |  4- 6 |  7- 9 || total
-------------------------+-------+-------+-------++-------
Melee: Long sword        |   132 |   184 |    98 ||   414
  Use: Scroll            |     2 |     3 |     2 ||     7
       Potion            |       |     2 |     1 ||     3
Armor: Scale mail        |    84 |   101 |    73 ||   258
Dodge: Dodged            |    70 |    75 |    60 ||   205
Block: Buckler           |    35 |    51 |    30 ||   116

Table legend: (Time is in decaauts)
 A = Elapsed time spent in this place.
 B = Non-inter-level travel time spent in this place.
 C = Inter-level travel time spent in this place.
 D = Time resting spent in this place.
 E = Time spent auto-exploring this place.
 F = Levels seen in this place.
 G = Mean time per level.
                   A        B        C        D        E       F      G
               +--------+--------+--------+--------+--------+-----+--------+
         Total |   4771 |   4624 |    147 |    755 |   2805 |   5 |  954.2 |
       Dungeon |   4771 |   4624 |    147 |    755 |   2805 |   5 |  954.2 |
               +--------+--------+--------+--------+--------+-----+--------+

Top non-repeatable levels by time:
     D:1: 1472 daAuts
     D:2: 1143 daAuts
     D:3: 1058 daAuts
     D:4: 804 daAuts
     D:5: 291 daAuts
